 Dungeon Crawl Stone Soup version 0.31-a0-277-g31ea1f65cc (webtiles) character file.

Game seed: 15979290916228920494

434297 aesen the Warrior (level 22, -1/222 HPs)
             Began as a Black Draconian Shapeshifter on July 14, 2023.
             Was the Champion of Okawaru.
             Slain by a deep troll shaman (13 damage)
             ... while paralysed by a vampire knight
             ... on level 1 of the Depths on July 15, 2023.
             The game lasted 02:08:55 (37316 turns).

aesen the Warrior (Black Draconian Shapeshifter)   Turns: 37316, Time: 02:08:55

Health: -1/222     AC: 24    Str: 33    XL:     22   Next: 58%
Magic:  31/31      EV:  2    Int: 21    God:    Okawaru [******]
Gold:   490        SH:  0    Dex: 25    Spells: 25/33 levels left

rFire   + . .        b - +4 broad axe (heavy)
rCold   + . .        u - +1 kite shield {reflect}
rNeg    + + .        (body armour unavailable)
rPois   +            X - +1 hat of Gixibyes {Drain rPois rC+ Int+6}
rElec   +            e - +2 cloak {Stlth+}
rCorr   .            r - +2 pair of gloves {Str+3}
SInv    .            y - +5 pair of boots of the Gate {rN+}
Will    ++...        n - amulet "Vousaj" {Regen+ Str+2}
Stlth   ++++         H - ring of Fedhas's Anger {Will+ Str+3 Int+3 Dex+6}
HPRegen 1.37/turn    Y - ring "Ubojoi" {rF+ rN+ Str+3 Int+4}
MPRegen 0.22/turn

%: reflection
@: paralysed, maw-form, flying, studying Stealth
A: devouring maw, flying, breathe lightning, AC +11, unfitting armour, big
wings, electricity resistance, cold-blooded, hooves 1, robust 1, noise
suppression
}: 3/15 runes: decaying, serpentine, abyssal
a: Breathe Lightning, Begin Untransformation, Renounce Religion, Heroism,
Finesse, Duel


You were on level 1 of the Depths.
You worshipped Okawaru.
Okawaru was exalted by your worship.
You were a creature with a mouth for a stomach.
You visited 9 branches of the dungeon, and saw 39 of its levels.
You visited the Abyss 4 times.
You visited 1 bazaar.
You also visited: Sewer, Bailey, Wizlab and Desolation.

You collected 5118 gold pieces.
You spent 4628 gold pieces at shops.

Inventory:

Hand Weapons
 a - a +9 vampiric broad axe
 b - a +4 heavy broad axe (weapon)
Missiles
 i - a throwing net
 w - 11 curare-tipped darts
 z - 24 boomerangs (quivered)
 L - 59 poisoned darts
Armour
 e - a +2 cloak of stealth (worn)
 r - a +2 pair of gloves of strength (worn)
 u - a +1 kite shield of reflection (worn)
 y - the +5 pair of boots of the Gate (worn) {rN+}
   (Okawaru gifted it to you in a wizard's laboratory)

   rN:        It protects you from negative energy.
 X - the +1 hat of Gixibyes (worn) {Drain rPois rC+ Int+6}
   (Okawaru gifted it to you on level 2 of the Orcish Mines)

   Int:       It affects your intelligence (+6).
   rC:        It protects you from cold.
   rPois:     It protects you from poison.
   Drain:     It drains your maximum health when unequipped.
Jewellery
 n - the amulet "Vousaj" (around neck) {Regen+ Str+2}
   (You found it on level 3 of the Elven Halls)

   [amulet of regeneration]

   Str:       It affects your strength (+2).
   Regen:     It increases your rate of health regeneration.
 o - a ring of protection from cold
 H - the ring of Fedhas's Anger (left hand) {Will+ Str+3 Int+3 Dex+6}
   (You found it in the Desolation of Salt)

   [ring of dexterity]

   Str:       It affects your strength (+3).
   Int:       It affects your intelligence (+3).
   Dex:       It affects your dexterity (+6).
   Will:      It increases your willpower.
 S - the ring of Disaster {rElec Will+ SInv}
   (You found it on level 3 of the Elven Halls)

   [ring of see invisible]

   rElec:     It insulates you from electricity.
   SInv:      It lets you see invisible.
   Will:      It increases your willpower.
 Y - the ring "Ubojoi" (right hand) {rF+ rN+ Str+3 Int+4}
   (You bought it in a shop on level 3 of the Elven Halls)

   [ring of protection from fire]

   Str:       It affects your strength (+3).
   Int:       It affects your intelligence (+4).
   rF:        It protects you from fire.
   rN:        It protects you from negative energy.
Talismans
 K - a maw talisman
 V - a granite talisman
Wands
 k - a wand of digging (4)
 q - a wand of polymorph (24)
 A - a wand of paralysis (83)
 M - a wand of iceblast (38)
 R - a wand of light (29)
 Z - a wand of mindburst (27)
Scrolls
 j - 2 scrolls of revelation
 m - 29 scrolls of teleportation
 p - 7 scrolls of poison
 x - 3 scrolls of silence
 D - 3 scrolls of enchant weapon
 E - a scroll of torment
 F - 10 scrolls of immolation
 I - 13 scrolls of fog
 N - 9 scrolls of blinking
 P - 7 scrolls of fear
 T - 3 scrolls of vulnerability
Potions
 c - 4 potions of haste
 d - 9 potions of heal wounds
 g - 7 potions of berserk rage
 h - 4 potions of might
 l - 18 potions of curing
 s - 4 potions of attraction
 t - 6 potions of lignification
 v - 15 potions of mutation
 B - 6 potions of enlightenment
 C - 3 potions of cancellation
 G - 4 potions of invisibility
 J - 4 potions of ambrosia
 O - 7 potions of resistance
 W - 4 potions of magic
Miscellaneous
 f - a phial of floods
 Q - a lightning rod (4/4)
 U - a condenser vane


   Skills:
 - Level 18.0 Fighting
 - Level 2.3 Long Blades
 - Level 17.9(18.0) Axes
 - Level 2.0(11.9) Maces & Flails
 * Level 8.6 Throwing
 - Level 18.0 Dodging
 - Level 4.0 Stealth
 - Level 16.0 Shields
 - Level 3.0 Unarmed Combat
 - Level 6.0 Spellcasting
 + Level 6.2 Translocations
 + Level 1.4 Air Magic
 - Level 13.0 Invocations
 + Level 7.1 Evocations
 - Level 15.0 Shapeshifting


You had 25 spell levels left.
You knew the following spells:

 Your Spells              Type           Power      Damage    Failure   Level
a - Lesser Beckoning      Tloc           64%        N/A       1%          2
b - Vhi's Electric Charg  Tloc/Air       44%        N/A       8%          3
A - Apportation           Tloc           64%        N/A       1%          1
B - Blink                 Tloc           64%        N/A       1%          2

Your spell library contained the following spells:

 Spells                   Type           Power      Damage    Failure   Level
 Momentum Strike          Conj/Tloc      38%        3d9       5%          2
 Portal Projectile        Hex/Tloc       38%        N/A       11%         3
 Freeze                   Ice            24%        1d4       12%         1
 Kiss of Death            Conj/Necr      24%        2d7       12%         1
 Poisonous Vapours        Pois/Air       18%        N/A       14%         2
 Cigotuvi's Dreadful Rot  Necr/Pois/Air  16%        N/A       16%         2
 Ensorcelled Hibernation  Hex/Ice        12%        N/A       19%         2
 Sublimation of Blood     Necr           6%         N/A       19%         2
 Wereblood                Tmut           6%         N/A       19%         2
 Mephitic Cloud           Conj/Pois/Air  8%         N/A       30%         3
 Iskenderun's Mystic Bla  Conj/Tloc      19%        2d6       34%         4
 Confusing Touch          Hex            6%         N/A       36%         3
 Dazzling Flash           Conj/Hex       12%        N/A       36%         3
 Frozen Ramparts          Ice            12%        1d2       36%         3
 Hailstorm                Conj/Ice       6%         3d4       36%         3
 Inner Flame              Hex/Fire       6%         N/A       36%         3
 Ozocubu's Armour         Ice            6%         N/A       36%         3
 Dispel Undead            Necr           6%         3d8       77%         4
 Flame Wave               Conj/Fire      6%         2d5       77%         4
 Petrify                  Tmut/Erth      6%         N/A       77%         4
 Sticky Flame             Conj/Fire      6%         2d3       77%         4
 Arcjolt                  Conj/Air       4%         1d14      95%         5
 Silence                  Hex/Air        4%         N/A       95%         5
 Freezing Cloud           Conj/Ice/Air   4%         6-21      96%         5
 Agony                    Necr           6%         N/A       98%         5
 Alistair's Intoxication  Tmut/Pois      4%         N/A       98%         5
 Metabolic Englaciation   Hex/Ice        3%         N/A       98%         5
 Yara's Violent Unravell  Hex/Tmut       3%         3d4       98%         5
 Conjure Ball Lightning   Conj/Air       4%         3x3d6     100%        6
 Plasma Beam              Fire/Air       4%         2x1d14    100%        6
 Enfeeble                 Hex            3%         N/A       100%        7
 Discord                  Hex            3%         N/A       100%        8
 Disjunction              Tloc           16%        N/A       100%        8
 Maxwell's Capacitive Co  Air            6%         ∞         100%        8
 Chain Lightning          Conj/Air       4%         3d6       100%        9
 Fire Storm               Conj/Fire      3%         8d1       100%        9
 Shatter                  Erth           3%         3d7*      100%        9
 Tukima's Dance           Hex            Unusable   N/A       N/A         3
 Summon Ice Beast         Ice/Summ       Unusable   N/A       N/A         4
 Death Channel            Necr           Unusable   N/A       N/A         6
 Simulacrum               Ice/Necr       Unusable   N/A       N/A         6
 Summon Hydra             Summ           Unusable   N/A       N/A         7

Dungeon Overview and Level Annotations

Branches:
Dungeon (15/15)            Temple (1/1) D:6            Lair (5/5) D:10
  Swamp (4/4) Lair:2        Snake (4/4) Lair:3        Slime (0/5) Lair:4
    Orc (2/2) D:10            Elf (3/3) Orc:2        Vaults (4/5) D:14
  Crypt (0/3) Vaults:3     Depths (1/4) D:15          Sewer (visited)
 Bailey (visited)          WizLab (visited)         Desolation (visited)

Altars:
Ashenzari
Cheibriados
Dithmenos
Elyvilon
Fedhas
Gozag
Hepliaklqana
Kikubaaqudgha
Makhleb
Nemelex Xobeh
Okawaru
Qazlal
Ru
Sif Muna
Trog
Uskayaw
Vehumet
Wu Jian
Xom
Yredelemnul
Zin
The Shining One
Jiyva

Shops:
D:3 ?   D:4 (   D:8 ?   D:10 *(   D:14 =   D:15 *   Orc:2 **((   Elf:2 (
Elf:3 :==   Snake:4 (   Vaults:1 (   Vaults:3 ?   Vaults:4 ![((

Portals:
Trove: Elf:2 (give +6 demon blade)

Annotations:
D:13 2 runed translucent doors
D:14 exclusion: 2 ice statues
D:15 2 transporters, Koud Lun's ghost, adept DjCj
Temple 4 transporters
Lair:2 hat
Elf:1 6 transporters
Vaults:3 1 runed translucent door, Ymilidghe's ghost, adept TrGl


Innate Abilities, Weirdness & Mutations

You are a creature with a mouth for a stomach.
Your midsection houses a second, enormous mouth.
You are flying.
You can breathe wild blasts of lightning.
Your glossy black scales are hard. (AC +11)
You cannot fit into any form of body armour.
Your large and strong wings let you fly.
You are resistant to electric shocks. (rElec)
You are cold-blooded and may be slowed by cold attacks.
You have large cloven feet.
You are robust. (+10% HP)
You passively dampen the noise of your surroundings.


Message History

You hear some strange, mumbled words.
You suddenly lose the ability to move!
The deep troll shaman bites you but does no damage.
The deep troll shaman claws you!
The deep troll shaman claws you but does no damage.
The deep troll bites you.
The deep troll claws you but does no damage.
The deep troll claws you! The deep troll bites you.
The deep troll claws you but does no damage.
The deep troll claws you! Something hits you but does no damage.
Something bites you!
Something draws strength from your injuries!
The deep troll shaman barely misses you.
The deep troll shaman claws you but does no damage. x2
The deep troll bites you!
The deep troll claws you but does no damage.
The deep troll claws you!
The deep troll bites you but does no damage.
The deep troll claws you but does no damage. x2
You hear some strange, mumbled words.
You shrug off the repeated paralysis!
The deep troll shaman bites you!
The deep troll shaman claws you but does no damage.
The deep troll shaman claws you.
The deep troll bites you but does no damage.
The deep troll claws you! x2
* * * LOW HITPOINT WARNING * * *
Something hits you!
* * * LOW HITPOINT WARNING * * *
Something bites you but does no damage. The deep troll bites you!
* * * LOW HITPOINT WARNING * * *
The deep troll claws you!
* * * LOW HITPOINT WARNING * * *
The deep troll claws you!
* * * LOW HITPOINT WARNING * * *
The deep troll shaman bites you.
* * * LOW HITPOINT WARNING * * *
The deep troll shaman claws you.
* * * LOW HITPOINT WARNING * * *
The deep troll shaman claws you!
You die...

..... .......
....... .......
.......##
........##
.........##
......≈≈TT##
......≈W{..#
...[..TT........
........##.#####
......... .+
......... ##
.........#
........##
...>>...#


You could see 3 deep trolls and a deep troll shaman (fast).

Vanquished Creatures
  Mara (Swamp:4)
  Boris (Vaults:3)
  Bai Suzhen (Swamp:4)
  A Cloud Mage (WizLab)
  Jorgrun (Swamp:3)
  Mlioglotl (Snake:1)
  A tentacled monstrosity (Vaults:4)
  2 liches (Abyss:3)
  2 deep elf master archers (Elf:3)
  Asterion (Arena)
  2 quicksilver dragons (Snake:4)
  2 deep elf blademasters (Elf:3)
  2 tentacled starspawn (Abyss:3)
  6 sphinxes
  Gastronok (Lair:2)
  6 thorn hunters
  Agnes (Elf:1)
  5 nagarajas
  Donald (Elf:3)
  8 vault wardens
  2 imperial myrmidons (Desolation)
  A frost giant (Vaults:1)
  3 deep elf sorcerers (Elf:3)
  9 deep elf elementalists (Elf:3)
  Louise (Snake:1)
  An orc warlord (Vaults:2)
  6 very ugly things
  3 formless jellyfish (Vaults:2)
  3 war gargoyles
  23 ironbound preservers
  7 ironbound thunderhulks
  3 eleionomae (Swamp:4)
  A spark wasp (WizLab)
  5 deep elf demonologists
  9 dire elephants
  A white draconian (Abyss:3)
  6 deep elf annihilators
  5 deep elf death magi (Elf:3)
  3 bunyips
  A blizzard demon (WizLab)
  2 crystal guardians (Desolation)
  4 entropy weavers
  3 deep elf high priests
  A shambling mangrove (Swamp:4)
  10 vault guards
  A green death (Abyss:3)
  12 ragged hierophants (Desolation)
  12 yaktaur captains
  6 great orbs of eyes
  3 salamander tyrants
  7 servants of whispers (Desolation)
  4 ghost crabs (WizLab)
  14 peacekeepers
  4 starcursed masses (Abyss:3)
  21 hydras
  2 ogre magi
  3 spriggan air magi (WizLab)
  14 ironbound frosthearts
  10 anacondas
  6 centaur warriors
  9 naga warriors
  24 dancing weapons
  2 catoblepae (Abyss:3)
  5 two-headed ogres
  8 alligators
  3 tengu warriors
  4 boulder beetles
  A deep troll shaman (Depths:1)
  2 orc high priests
  10 naga sharpshooters
  2 thrashing horrors (Abyss:3)
  13 shock serpents
  2 spriggan berserkers (Swamp:4)
  17 deep elf knights
  A salamander mystic (Snake:4)
  Amaemon (Lair:2)
  10 goliath frogs
  A skeletal warrior (D:14)
  2 skysharks (Lair:5)
  3 glowing orange brains
  2 death drakes
  65 deep trolls
  5 deep elf archers
  14 swamp dragons
  3 spriggan druids (Swamp:3)
  6 naga ritualists
  5 wizards
  8 bog bodies
  15 ironbound convokers
  5 orc knights
  2 phantasmal warriors (Depths:1)
  16 harpies
  14 deep elf zephyrmancers
  3 necromancers
  5 manticores
  12 lindwurms
  20 ugly things
  7 orc sorcerers (Orc:2)
  31 deep elf pyromancers
  15 mana vipers
  A shining eye (shapeshifter) (D:15)
  23 salamanders
  An oklob plant (Lair:4)
  5 will-o-the-wisps
  11 elephants
  2 cyclopes
  15 guardian serpents
  9 naga magi
  4 apocalypse crabs (WizLab)
  14 vault sentinels
  36 black mambas
  2 molten gargoyles
  An orange demon (Lair:1)
  13 cane toads
  A gargoyle (Bailey)
  Maggie (D:8)
  10 komodo dragons
  4 centaur skeletons (D:14)
  29 yaktaurs
  2 kobold demonologists
  An unseen horror (D:10)
  A freezing wraith (D:15)
  3 rime drakes
  3 tengu conjurers
  11 trolls
  6 catoblepas skeletons (Abyss:3)
  3 ancient zymes
  A polar bear (Lair:2)
  9 tyrant leeches
  8 hornets
  2 large abominations (Abyss:3)
  3 meliai (D:14)
  87 saltlings (Desolation)
  3 wind drakes (WizLab)
  A hellwing (Abyss:3)
  A dream sheep (shapeshifter) (Elf:3)
  3 raiju (Abyss:3)
  A raiju (shapeshifter) (D:15)
  46 blink frogs
  34 slime creatures
  A jumping spider (Vaults:2)
  14 air elementals
  8 spriggans
  2 shadows
  3 wyverns
  3 wraiths
  A ynoxinul (Abyss:3)
  2 water elementals
  32 yaks
  2 vampires
  A small abomination (Abyss:3)
  3 fire bats
  2 fire elementals
  A steam dragon (Lair:2)
  9 basilisks
  A chaos spawn (Abyss:3)
  9 vampire mosquitoes
  A steam dragon (shapeshifter) (D:14)
  11 swamp worms
  5 redbacks
  10 wargs
  29 nagas
  14 water moccasins
  10 swamp drakes
  19 orc warriors
  4 ice beasts
  A black bear (D:7)
  A sky beast (D:6)
  Pargi (Sewer)
  8 wolves
  10 ogres
  4 boggarts (Vaults:1)
  10 centaurs
  3 phantoms
  8 kobold brigands
  19 bullfrogs
  A gnoll sergeant (D:9)
  3 scorpions
  7 earth elementals
  6 killer bees (D:11)
  7 vampire bats (Bailey)
  4 howler monkeys
  6 wolf zombies (Bailey)
  3 electric eels
  A howler monkey (shapeshifter) (D:13)
  5 lava snakes (Snake:4)
  A quasit (Abyss:3)
  A hound (D:6)
  17 orc priests
  4 jellies
  2 gnoll boudas
  3 iguanas
  46 orc wizards
  6 hell rats (Lair:4)
  16 gnolls
  2 adders
  2 shadow imps
  A white imp (D:7)
  3 worms
  2 dart slugs (D:5)
  93 orcs
  7 endoplasms
  4 giant cockroaches
  9 goblins
  5 hobgoblins
  3 jackals (Sewer)
  7 quokkas
  4 ball pythons
  2 bats (D:1)
  30 kobolds
  13 orc zombies (Bailey)
  3 rats (D:1)
  A spectral weapon (Swamp:4)
1654 creatures vanquished.

Vanquished Creatures (others)
  A bunyip (Swamp:1)
  A shock serpent (WizLab)
  3 bloated husks
  A saltling (Desolation)
  2 swamp drakes (Swamp:4)
  A boggart (Vaults:1)
  34 foxfires
  2 starspawn tentacles (Abyss:3)
45 creatures vanquished.

Grand Total: 1699 creatures vanquished

Notes
Turn   | Place    | Note
-------+----------+-------------------------------------------
     0 | D:1      | aesen the Draconian Shapeshifter began the quest for the
                  | Orb.
     0 | D:1      | Reached XP level 1. HP: 17/17 MP: 1/1
   247 | D:1      | Reached XP level 2. HP: 24/24 MP: 2/2
   792 | D:2      | Reached skill level 1 in Long Blades
   821 | D:2      | Found an ornate altar of the Wu Jian Council.
  1097 | D:3      | Reached XP level 3. HP: 29/29 MP: 3/3
  1213 | D:2      | Reached skill level 1 in Maces & Flails
  1278 | D:3      | Found a large runed translucent door.
  1278 | D:3      | Found a large runed translucent door.
  1325 | D:3      | Found Egangia's Magic Scroll Shoppe.
  1334 | D:3      | Bought a scroll of identify for 24 gold pieces
  1334 | D:3      | Bought a scroll of identify for 24 gold pieces
  1402 | D:3      | Reached XP level 4. HP: 34/36 MP: 2/4
  1618 | D:3      | Found an ornate altar of the Wu Jian Council.
  1649 | D:3      | Found a faded altar of an unknown god.
  2007 | D:4      | Found Zies Wubi's Weapon Emporium.
  2076 | D:4      | Reached skill level 1 in Axes
  2162 | D:4      | Reached XP level 5. HP: 41/41 MP: 5/5
  2252 | D:4      | Reached XP level 6. HP: 42/48 MP: 4/6
  2560 | D:4      | Found a basalt altar of Yredelemnul.
  2624 | D:4      | Gained mutation: You passively dampen the noise of your
                  | surroundings. [potion of mutation]
  2624 | D:4      | Gained mutation: You are robust. (+10% HP) [potion of
                  | mutation]
  2624 | D:4      | Gained mutation: You have large cloven feet. [potion of
                  | mutation]
  2773 | D:4      | Reached skill level 1 in Shields
  2773 | D:4      | Your scales start taking on a glossy black colour.
  2773 | D:4      | Reached XP level 7. HP: 50/64 MP: 3/7
  2773 | D:4      | Gained mutation: You are resistant to electric shocks.
                  | (rElec) [Black Draconian growth]
  3164 | D:3      | Found a snail-covered altar of Cheibriados.
  3174 | D:3      | Found a hazy altar of Hepliaklqana.
  3241 | D:5      | Entered Level 5 of the Dungeon
  3608 | D:5      | Reached skill level 5 in Axes
  3658 | D:5      | Identified the ring "Qeshruo" {EV+5 Str+3}
  4098 | D:6      | Found a glowing drain.
  4120 | Sewer    | Entered a sewer
  4172 | Sewer    | Noticed Pargi
  4179 | Sewer    | Killed Pargi
  4252 | D:6      | Reached XP level 8. HP: 72/72 MP: 6/8
  4402 | D:6      | Found a staircase to the Ecumenical Temple.
  4414 | Temple   | Entered the Ecumenical Temple
  4414 | Temple   | Found a transporter.
  4414 | Temple   | Found a transporter.
  4416 | Temple   | Found a transporter.
  4416 | Temple   | Found a transporter.
  4432 | Temple   | Became a worshipper of Warmaster Okawaru
  4622 | D:6      | Reached skill level 5 in Fighting
  4681 | D:6      | Found a shadowy altar of Dithmenos.
  4998 | D:7      | Reached * piety under Okawaru
  5035 | D:7      | Reached skill level 5 in Dodging
  5061 | D:7      | Reached XP level 9. HP: 81/81 MP: 7/9
  5133 | D:7      | Reached skill level 5 in Shapeshifting
  5194 | D:7      | Reached ** piety under Okawaru
  5356 | D:7      | Found a shimmering blue altar of Sif Muna.
  5563 | D:8      | Reached skill level 1 in Invocations
  5810 | D:8      | Found Naevaudgh's Magic Scroll Shop.
  5818 | D:8      | Bought a scroll of identify for 22 gold pieces
  5818 | D:8      | Bought a scroll of identify for 22 gold pieces
  5818 | D:8      | Bought a scroll of blinking for 82 gold pieces
  5945 | D:8      | Noticed Maggie
  5957 | D:8      | Killed Maggie
  6169 | D:8      | Found a burning altar of Makhleb.
  6303 | D:9      | Found a sparkling altar of Nemelex Xobeh.
  6354 | D:9      | Reached *** piety under Okawaru
  6464 | D:9      | Reached XP level 10. HP: 57/89 MP: 7/12
  6879 | D:10     | Entered Level 10 of the Dungeon
  6883 | D:10     | Found a stormy altar of Qazlal.
  6970 | D:10     | Reached skill level 1 in Stealth
  7062 | D:10     | Found Enaagh's Weapon Boutique.
  7062 | D:10     | Found a staircase to the Orcish Mines.
  7067 | D:10     | Reached **** piety under Okawaru
  7203 | D:10     | Found a flagged portal.
  7216 | Bailey   | Entered a bailey
  7464 | Bailey   | Noticed a gargoyle
  7468 | Bailey   | Killed a gargoyle
  7665 | D:10     | Found a staircase to the Lair.
  7911 | D:10     | Bought a +2 broad axe of flaming for 288 gold pieces
  7941 | D:10     | Found Zin's Purification Station.
  7941 | D:10     | Found a glowing silver altar of Zin.
  8063 | D:10     | Found a hide-covered altar of Uskayaw.
  8287 | Lair:1   | Entered Level 1 of the Lair of Beasts
  8322 | Lair:1   | Reached XP level 11. HP: 97/97 MP: 10/13
  8328 | Lair:1   | Reached ***** piety under Okawaru
  8650 | Lair:1   | Identified the +3 hand axe of the Secret Curses {heavy,
                  | *Slow rC+ rCorr} (Okawaru gifted it to you on level 1 of
                  | the Lair of Beasts)
  8650 | Lair:1   | Received a gift from Okawaru
  9045 | Lair:2   | Noticed Amaemon
  9141 | Lair:2   | Killed Amaemon
  9142 | Lair:2   | Reached skill level 5 in Invocations
  9168 | Lair:2   | Reached skill level 5 in Shields
  9364 | Lair:2   | Noticed Gastronok
  9374 | Lair:2   | Reached skill level 1 in Throwing
  9659 | Lair:2   | Noticed a bog body
  9666 | Lair:2   | Noticed a bog body
  9793 | Lair:2   | Received a gift from Okawaru
  9811 | Lair:2   | Reached XP level 12. HP: 97/110 MP: 10/17
 10397 | Lair:3   | Reached ****** piety under Okawaru
 10418 | Lair:3   | Reached skill level 10 in Axes
 10487 | Lair:3   | Received a gift from Okawaru
 10562 | Lair:3   | Found a staircase to the Snake Pit.
 11201 | Lair:4   | Noticed a six-headed hydra
 11224 | Lair:4   | Killed a four-headed hydra
 11413 | Lair:4   | Identified the +3 battleaxe "Nofoty" {flame, *Noise rN++
                  | rCorr Str-3} (Okawaru gifted it to you on level 4 of the
                  | Lair of Beasts)
 11413 | Lair:4   | Received a gift from Okawaru
 11465 | Lair:4   | Reached XP level 13. HP: 117/117 MP: 16/18
 11495 | Lair:4   | Found a viscous altar of Jiyva.
 11497 | Lair:4   | Found a staircase to the Slime Pits.
 12000 | Lair:5   | Entered Level 5 of the Lair of Beasts
 12162 | Lair:5   | Identified the +4 pair of boots of Vexation {rN+} (Okawaru
                  | gifted it to you on level 5 of the Lair of Beasts)
 12162 | Lair:5   | Received a gift from Okawaru
 12789 | Lair:5   | Reached skill level 10 in Fighting
 13010 | Orc:1    | Entered Level 1 of the Orcish Mines
 13240 | Orc:2    | Entered Level 2 of the Orcish Mines
 13450 | Orc:2    | Reached skill level 10 in Dodging
 13601 | Orc:2    | Found a staircase to the Elven Halls.
 13643 | Orc:2    | Identified the +1 hat of Gixibyes {Drain rPois rC+ Int+6}
                  | (Okawaru gifted it to you on level 2 of the Orcish Mines)
 13643 | Orc:2    | Received a gift from Okawaru
 13651 | Orc:2    | Found Keomisau's Antique Weapon Shop.
 13670 | Orc:2    | Found Plog's Weapon Shoppe.
 13711 | Orc:2    | Gained mutation: Your large and strong wings let you fly.
                  | [Black Draconian growth]
 13711 | Orc:2    | Reached XP level 14. HP: 133/133 MP: 19/19
 13840 | Orc:2    | Found Ylettohyha's Assorted Antiques.
 13854 | Orc:2    | Bought a scroll of identify for 66 gold pieces
 13855 | Orc:2    | Reached XP level 15. HP: 138/138 MP: 18/20
 13860 | Orc:2    | Found Vesajydd's Assorted Antiques.
 13886 | Orc:2    | Bought a scroll labelled KOWUXK ERCHOFYQ for 30 gold pieces
 13886 | Orc:2    | Bought a coppery potion for 27 gold pieces
 13886 | Orc:2    | Bought 2 scrolls of identify for 120 gold pieces
 13996 | Orc:2    | Bought a twisted tourmaline ring for 165 gold pieces
 13996 | Orc:2    | Bought a scroll of blinking for 247 gold pieces
 14026 | Orc:2    | Bought a crystal scimitar for 279 gold pieces
 14026 | Orc:2    | Identified the +2 scimitar of Kunt {flame, MP+9} (You
                  | bought it in a shop on level 2 of the Orcish Mines)
 14029 | Orc:2    | Acquired a manual of Fighting
 15868 | D:13     | You are sucked into a shaft and drop 2 floors!
 15868 | D:15     | Entered Level 15 of the Dungeon
 15876 | D:15     | Found Ytuffah's Neck Hole.
 15884 | D:15     | Bought a +0 cloak for 63 gold pieces
 16067 | D:13     | Found a runed translucent door.
 16070 | D:13     | Found a runed translucent door.
 16243 | D:13     | Paralysed by a great orb of eyes for 3 turns
 16249 | D:13     | Paralysed by a great orb of eyes for 2 turns
 16487 | D:13     | Identified the +1 rapier of Resumed Hostilities {holy,
                  | Str+5}
 16507 | D:13     | Received a gift from Okawaru
 16508 | D:13     | Reached skill level 10 in Invocations
 16752 | D:14     | Found Barghoh's Jewellery Emporium.
 16773 | D:14     | Bought an amulet of regeneration for 390 gold pieces
 16918 | D:14     | Learned a level 2 spell: Blink
 16921 | D:14     | Learned a level 2 spell: Lesser Beckoning
 17202 | D:14     | Found a gate to the Vaults.
 17477 | D:15     | Identified the +8 battleaxe "Jairosat" {flame, rN+ Dex+4
                  | SInv} (Okawaru gifted it to you on level 15 of the Dungeon)
 17477 | D:15     | Received a gift from Okawaru
 17842 | D:15     | Found a transporter.
 17845 | D:15     | Noticed Koud Lun's ghost (adept DjCj)
 17846 | D:15     | Found a transporter.
 17846 | D:15     | Noticed a frost giant
 17851 | D:15     | Identified the +4 great mace "Bokaudy" {flame, rElec SInv}
 17851 | D:15     | Noticed a fire giant
 18380 | Lair:2   | Killed Gastronok
 18440 | Snake:1  | Entered Level 1 of the Snake Pit
 18479 | Snake:1  | Reached XP level 16. HP: 100/160 MP: 20/23
 18597 | Snake:1  | Received a gift from Okawaru
 18827 | Snake:1  | Noticed Mlioglotl
 18843 | Snake:1  | Killed Mlioglotl
 19056 | Snake:1  | Noticed Louise
 19075 | Abyss:2  | Cast into level 2 of the Abyss (Louise)
 19086 | Snake:1  | Escaped the Abyss
 19090 | Snake:1  | Killed Louise
 19440 | Snake:2  | Received a gift from Okawaru
 19686 | Orc:2    | Bought a glowing broad axe for 217 gold pieces
 20110 | Snake:2  | Reached skill level 10 in Shields
 20362 | Snake:3  | Received a gift from Okawaru
 20377 | Snake:3  | Reached skill level 15 in Axes
 20740 | Snake:3  | Identified the +3 pair of gloves of the Brewing Gods {rN+}
                  | (Okawaru gifted it to you on level 3 of the Snake Pit)
 20740 | Snake:3  | Received a gift from Okawaru
 20884 | Snake:3  | Reached XP level 17. HP: 167/167 MP: 24/24
 21287 | Snake:4  | Entered Level 4 of the Snake Pit
 21334 | Snake:4  | Found Lyinn's Weapon Emporium.
 22112 | Snake:4  | Upgraded the game from 0.31-a0-271-gb88eb75e06 to
                  | 0.31-a0-277-g31ea1f65cc
 22463 | Snake:4  | Noticed a quicksilver dragon
 22463 | Snake:4  | Noticed a quicksilver dragon
 22474 | Snake:4  | Killed a quicksilver dragon
 22474 | Snake:4  | Received a gift from Okawaru
 22481 | Snake:4  | Killed a quicksilver dragon
 22492 | Snake:4  | Got a serpentine rune of Zot
 22769 | Lair:2   | Found a staircase to the Swamp.
 22783 | Swamp:1  | Entered Level 1 of the Swamp
 23009 | Swamp:1  | Identified the +0 buckler of Xasalolo {*Corrode rElec
                  | Regen+ SInv} (Okawaru gifted it to you on level 1 of the
                  | Swamp)
 23009 | Swamp:1  | Received a gift from Okawaru
 23873 | Swamp:3  | Noticed Jorgrun
 23907 | Swamp:3  | Killed Jorgrun
 24014 | Swamp:3  | Reached XP level 18. HP: 171/176 MP: 25/25
 24197 | Swamp:4  | Entered Level 4 of the Swamp
 24507 | Swamp:4  | Noticed Mara
 24538 | Swamp:4  | Killed Mara
 24538 | Swamp:4  | Identified the +1 pair of boots "Cuofituz" {rElec rPois rN+
                  | Will-} (Okawaru gifted it to you on level 4 of the Swamp)
 24538 | Swamp:4  | Received a gift from Okawaru
 24633 | Swamp:4  | Noticed Bai Suzhen
 24657 | Swamp:4  | Killed Bai Suzhen
 24743 | Swamp:4  | Reached skill level 15 in Shields
 24760 | Swamp:4  | Reached skill level 1 in Translocations
 24766 | Swamp:4  | Reached skill level 1 in Spellcasting
 24851 | Swamp:4  | Got a decaying rune of Zot
 25414 | Vaults:1 | Entered Level 1 of the Vaults
 25612 | Vaults:1 | Reached skill level 5 in Translocations
 25632 | Vaults:1 | Found Ixkid's Antique Weapon Emporium.
 25786 | Vaults:1 | Reached skill level 5 in Spellcasting
 26050 | Vaults:1 | Reached skill level 15 in Fighting
 26149 | Vaults:1 | Reached XP level 19. HP: 189/189 MP: 28/28
 26153 | Vaults:1 | Received a gift from Okawaru
 26322 | Vaults:1 | Identified the +2 hat "Tohirch" {Regen+} (Okawaru gifted it
                  | to you on level 1 of the Vaults)
 26322 | Vaults:1 | Received a gift from Okawaru
 26895 | Vaults:2 | Found a magical portal.
 26901 | WizLab   | Entered The Chambers of the Cloud Mage
 26921 | WizLab   | Paralysed by an apocalypse crab for 4 turns
 27145 | WizLab   | Paralysed by an air elemental for 1 turns
 27283 | WizLab   | Noticed Zaid
 27306 | WizLab   | Killed Zaid the Cloud Mage
 27306 | WizLab   | Identified the +5 pair of boots of the Gate {rN+} (Okawaru
                  | gifted it to you in a wizard's laboratory)
 27306 | WizLab   | Received a gift from Okawaru
 27390 | WizLab   | Got the Directory of Hail
 27396 | WizLab   | Got the Precepts of Clouds
 27402 | WizLab   | Identified the ring "Asiw" {Drain Fly Dex+4}
 27744 | Vaults:2 | Reached skill level 15 in Dodging
 27772 | Vaults:2 | Reached XP level 20. HP: 205/205 MP: 29/29
 27778 | Vaults:2 | Identified the +1 helmet of the Foremost Allies {+Blink
                  | Int+3 Slay+2}
 28280 | Abyss:2  | Found a corrupted altar of Lugonu.
 28280 | Abyss:2  | Cast into level 2 of the Abyss (a wizard)
 28296 | Abyss:2  | Found a corrupted altar of Lugonu.
 28360 | Abyss:3  | Found a corrupted altar of Lugonu.
 28477 | Abyss:3  | Found a corrupted altar of Lugonu.
 28511 | Abyss:3  | Found a corrupted altar of Lugonu.
 28873 | Abyss:3  | Identified the +6 flail "Apreziv" {drain, rC+ Str+2}
                  | (Okawaru gifted it to you on level 3 of the Abyss)
 28873 | Abyss:3  | Received a gift from Okawaru
 28942 | Abyss:3  | Got an abyssal rune of Zot
 28956 | Vaults:2 | Escaped the Abyss
 29398 | Vaults:3 | Noticed Boris
 29415 | Vaults:3 | Killed Boris
 29481 | Vaults:3 | Found Goiwut's Magic Scroll Boutique.
 29503 | Vaults:3 | Bought a scroll of blinking for 82 gold pieces
 29503 | Vaults:3 | Bought a scroll of enchant weapon for 82 gold pieces
 29635 | Vaults:3 | Found a runed translucent door.
 29635 | Vaults:3 | Noticed Ymilidghe's ghost (adept TrGl)
 29974 | Vaults:3 | Identified the +1 hand axe of the Coin {flame, Str+3 Int+5
                  | Stlth+} (Okawaru gifted it to you on level 3 of the Vaults)
 29974 | Vaults:3 | Received a gift from Okawaru
 30165 | Vaults:3 | Found a staircase to the Crypt.
 30165 | Vaults:3 | Found a basalt altar of Yredelemnul.
 30166 | Vaults:3 | Found an ancient bone altar of Kikubaaqudgha.
 30547 | Vaults:4 | Found Oxixaz's Armour Shop.
 30564 | Vaults:4 | Found Lidudess's Antique Weapon Emporium.
 30609 | Abyss:3  | Cast into level 3 of the Abyss (a wizard)
 30611 | Abyss:3  | Found a corrupted altar of Lugonu.
 30624 | Vaults:4 | Escaped the Abyss
 30652 | Vaults:4 | Found Goish's Distillery.
 30756 | Vaults:4 | Identified the +0 pair of boots of Gestures {Int+3}
                  | (Okawaru gifted it to you on level 4 of the Vaults)
 30756 | Vaults:4 | Received a gift from Okawaru
 30761 | Vaults:4 | Found Isantado's Weapon Shop.
 30790 | Vaults:4 | Found a flickering gateway to a bazaar.
 30799 | Bazaar   | Entered a bazaar
 30813 | Bazaar   | Found Asuowis's Weapon Shoppe.
 30813 | Bazaar   | Found Ileryuw's Weapon Emporium.
 30824 | Bazaar   | Bought 4 curare-tipped darts for 52 gold pieces
 30835 | Bazaar   | Found Arofet's Magic Scroll Shoppe.
 30851 | Bazaar   | Found Vuol's Antique Armour Emporium.
 30904 | Bazaar   | Bought a scroll of teleportation for 27 gold pieces
 30904 | Bazaar   | Bought a scroll of torment for 85 gold pieces
 31025 | Vaults:4 | Reached XP level 21. HP: 213/213 MP: 30/30
 31208 | Vaults:4 | Bought 2 potions of cancellation for 304 gold pieces
 31208 | Vaults:4 | Bought 2 potions of heal wounds for 190 gold pieces
 31208 | Vaults:4 | Bought a potion of heal wounds for 95 gold pieces
 31948 | Elf:1    | Entered Level 1 of the Elven Halls
 32006 | Elf:1    | Found a crumbling gateway.
 32018 | Desolati | Entered the Desolation of Salt
 32083 | Desolati | Reached skill level 15 in Shapeshifting
 32184 | Desolati | Identified the +4 shortbow of Utimuly {speed, rC++ rCorr
                  | MP+9 Str-4}
 32253 | Desolati | Received a gift from Okawaru
 32356 | Desolati | Identified the ring of Modesty {Wiz rC+}
 32542 | Desolati | Identified the ring of Ecef {rElec MP+9 Dex+4}
 32584 | Desolati | Identified the ring of Heunul {Ice rElec rPois Int+3 Dex-2
                  | Stlth+}
 32600 | Desolati | Identified the ring "Gokuadeu" {Fly Str+3}
 32603 | Desolati | Identified the +4 hand axe "Zafruimu" {speed, Dex+3}
 32742 | Desolati | Identified the ring of Fedhas's Anger {Will+ Str+3 Int+3
                  | Dex+6}
 32933 | Elf:1    | Noticed Agnes
 32940 | Elf:1    | Killed Agnes
 32985 | Elf:1    | Found a transporter.
 32990 | Elf:1    | Found a transporter.
 33103 | Elf:1    | Found a transporter.
 33104 | Elf:1    | Found a transporter.
 33149 | Elf:1    | Received a gift from Okawaru
 33198 | Elf:1    | Found a transporter.
 33199 | Elf:1    | Found a transporter.
 33246 | Elf:1    | Received a gift from Okawaru
 33832 | Elf:2    | Found a portal to a secret trove of treasure.
 34176 | Elf:2    | Found Doesyu's Weapon Shoppe.
 34281 | Elf:2    | Found a runed translucent gate.
 34281 | Elf:2    | Found a runed translucent gate.
 34286 | Elf:2    | Found a runed translucent gate.
 34408 | Elf:3    | Entered Level 3 of the Elven Halls
 34622 | D:8      | Bought a scroll of fear for 44 gold pieces
 34622 | D:8      | Bought a scroll of silence for 104 gold pieces
 34622 | D:8      | Bought a scroll of teleportation for 33 gold pieces
 34856 | Elf:3    | Reached XP level 22. HP: 222/222 MP: 31/31
 35058 | Elf:3    | Noticed Donald
 35064 | Elf:3    | Killed Donald
 35157 | Elf:2    | Noticed Asterion
 35167 | Arena    | Entered the Arena
 35171 | Arena    | Killed Asterion
 35495 | D:3      | Bought a scroll of enchant armour for 90 gold pieces
 35495 | D:3      | Bought a scroll of teleportation for 36 gold pieces
 35495 | D:3      | Bought a scroll of fog for 48 gold pieces
 35853 | Elf:3    | Reached skill level 5 in Throwing
 35940 | Elf:3    | Found Votyw's Jewellery Shop.
 35941 | Elf:3    | Found Liciax's Book Shoppe.
 35942 | Elf:3    | Found Ugil's Jewellery Shop.
 35954 | Elf:3    | Bought a book of Party Tricks for 272 gold pieces
 36054 | Elf:3    | Reached skill level 5 in Evocations
 36097 | Elf:3    | Identified the +0 pair of boots of the Grinning Gods {rF+
                  | rC++ Dex-4} (Okawaru gifted it to you on level 3 of the
                  | Elven Halls)
 36097 | Elf:3    | Received a gift from Okawaru
 36136 | Elf:3    | Found the +7 sceptre of Torment {pain, torment}
 36136 | Elf:3    | Found the +4 skin of Zhor {*Englaciate rC+++ SInv}
 36146 | Elf:3    | Identified the staff "Ukusuc" {rF- rC+ rN+++ Dex+5 Ice}
 36194 | Elf:3    | Identified the amulet "Ikij Jumu" {Spirit Dex+3}
 36207 | Elf:3    | Identified the amulet "Vousaj" {Regen+ Str+2}
 36226 | Elf:3    | Identified the +7 orcbow "Fyunkux" {antimagic, rF++}
 36338 | Elf:3    | Identified the ring of Disaster {rElec Will+ SInv}
 36710 | Abyss:3  | Cast into level 3 of the Abyss (+1 bardiche of distortion)
 36768 | Elf:2    | Escaped the Abyss
 36979 | Elf:3    | Bought the ring "Ubojoi" {rF+ rN+ Str+3 Int+4} for 1018
                  | gold pieces
 36982 | Elf:3    | Learned a level 1 spell: Apportation
 36986 | Elf:3    | Learned a level 3 spell: Vhi's Electric Charge
 37237 | D:15     | Found a staircase to the Depths.
 37245 | D:15     | Reached skill level 1 in Air Magic
 37301 | Depths:1 | Entered Level 1 of the Depths
 37314 | Depths:1 | Paralysed by something for 4 turns
 37316 | Depths:1 | Slain by a deep troll shaman

Illustrated notes

Levels and vault maps discovered:
D:1:      dpeg_arrival_court, layout_loops_ring, item_on_display_a
D:2:      layout_rooms, basic_altar
D:3:      layout_rooms, nicolae_wu_jian_glorious_leap, jmf_multi_god_temple2,
          serial_shops, shop, shapermc_ecumenical_altar_hornbeckon
D:4:      layout_basic, mainiacjoe_overflow_surrounded_room, serial_shops,
          nicolae_shop_scrapyard
D:5:      layout_loops_ring
D:6:      layout_basic, grunt_dithmenos_smoke,
          minmay_temple_entry_drinking_statues, portal_sewer_entry_f,
          st_stairs_3, grunt_decor_junction, kennysheep_generic_room_9
D:7:      layout_rooms, nicolae_sif_muna_condensation
D:8:      layout_basic, lemuel_round_altar, serial_shops, shop, uniq_maggie
D:9:      layout_cave_pools, mainiacjoe_overflow_24_doors,
          hangedman_abyss_or_decor_slice
D:10:     layout_loops_corners, zin_purify, nicolae_uskayaw_dance_studio,
          nicolae_qazlal_general_emergency, lair_entry_dummy, orc_david_3,
          enter_bailey_5, kb_lookout_dungeons_type
D:11:     layout_long_grid
D:12:     layout_basic
D:13:     minmay_the_grid_triangle_9x9_recursive_2
          [minmay_the_grid_triangle_9x9_prize_center,
          minmay_the_grid_triangle_9x9_tough_junction,
          minmay_the_grid_triangle_9x9_odd_lines,
          minmay_the_grid_triangle_9x9_dagger], layout_rooms
D:14:     layout_cave_pools, hangedman_vaults_entry_quadrant_bands,
          serial_shops, shop, gauntlet_entry_generic, dreamdust_princess_bridge,
          portal_ice_cave_entry_ice_statue_two
D:15:     gammafunk_enter_depths_forms, layout_stronghold,
          gammafunk_ghost_smash, nicolae_shop_sticking_my_neck_out
Temple:   hellmonk_temple_divided_pantheon
Lair:1:   layout_loops_ring
Lair:2:   layout_cave_shapes, nicolae_swamp_entry_splash_gauntlet,
          grunt_megastairs_4, uniq_amaemon, uniq_gastronok
Lair:3:   layout_gridlike, guppyfry_snake_entry_garden
Lair:4:   layout_hall_layers, slime_entry_1
Lair:5:   minmay_lair_end_frog_pond, layout_gridlike,
          eino_small_chamber_without_monster
Swamp:1:  layout_falls_marsh, evilmike_swamp_ruin_house_1,
          infiniplex_staircase_pool_2
Swamp:2:  layout_falls_marsh, nicolae_swamp_trees_clearing, swamp_pool3,
          infiniplex_staircase_pool
Swamp:3:  layout_falls_marsh, evilmike_swamp_ruin_rubble_2, swamp_pool1,
          uniq_jorgrun
Swamp:4:  swamp_basic_johnstein, layout_basic_swamp, uniq_mara, uniq_bai_suzhen
Snake:1:  layout_misc_corridors, uniq_mlioglotl, uniq_louise
Snake:2:  layout_rooms, drop_trap, grunt_megastairs_1
Snake:3:  layout_concentric_octagons
Snake:4:  hellmonk_snake_rune_quicksilver_temple, layout_basic, serial_shops,
          shop
Orc:1:    layout_caves
Orc:2:    st_orc_town, layout_caves
Elf:1:    eino_elf_arrival_customs, layout_geoelf_diagonals,
          portal_desolation_entry_ruin, hangedman_corner_corridor,
          serial_nicolae_subway, nicolae_sub_station_stone,
          nicolae_sub_station_metal, nicolae_sub_station_crystal, uniq_agnes
Elf:2:    elven_hall_of_blades_hangedman_original
          [nicolae_vaults_blade_armed_guards], layout_loops_corners,
          serial_shops, nicolae_shop_bloodbath_and_beyond, enter_trove_2,
          uniq_asterion
Elf:3:    elf_hall, layout_loops_corners, grunt_ministairs_2, dk_noncrumbling_3,
          roderic_roman_lattice, minmay_shop_grove, uniq_donald
Vaults:1: nicolae_vaults_theta, nicolae_vaults_tetromino_T_2,
          hangedman_vaults_hat, nicolae_vaults_windows_and_doors_thing,
          vaults_dpeg_ring, nicolae_vaults_trapezoid_lopsided_3,
          ontoclasm_vaults_gateway, hangedman_vaults_river_flow,
          nicolae_vaults_little_squares_6, v_misc_18, v_rooms_5,
          layout_vaults_ring, serial_shops, shop
Vaults:2: mu_enter_wizlab_2, vaults_room_fancy_cross, hangedman_vaults_locks,
          nicolae_vaults_sesquioval_fish, vaults_mumra_minichess_inversion,
          st_squares, nicolae_vaults_sightless_eye, v_rooms_3,
          nicolae_vaults_heart-shaped_vault, nicolae_vaults_diamond_2,
          layout_vaults_omnibox, uniq_margery
Vaults:3: gammafunk_ghost_grave, nicolae_vaults_trapezoid_2,
          minmay_crypt_entry_necro_gods, nicolae_vaults_arrows,
          nicolae_vaults_double_plus_3, nicolae_vaults_variable_pillar_hall,
          serial_ice_b, ontoclasm_vaults_ring_small,
          ontoclasm_vaults_loading_screen, ontoclasm_vaults_pinch,
          nicolae_vaults_shelves_hall, layout_vaults_chaotic_city, serial_shops,
          shop, uniq_boris
Vaults:4: hangedman_vaults_stream, hangedman_vaults_variations, v_pattern_2,
          hangedman_vaults_cutoff, nicolae_vaults_tangram_2,
          vaults_mumra_minichess, nicolae_vaults_six-pack,
          nicolae_vaults_ring_of_whatevers, vaults_room_ringed_pool,
          nicolae_vaults_shelves_hall, nicolae_vaults_trapezoid_layered,
          nicolae_vaults_double_plus_1, nicolae_vaults_tetromino_T_2,
          layout_vaults_omnicross, serial_shops, bzr_in_the_mist, shop, shop,
          shop, nicolae_shop_waterfront
Depths:1: minmay_skeleton_keep, layout_cave_pools, minmay_room_of_horrors,
          chequers_serial_rivers_small_3, hell_entry, corexii_hall_statues_i,
          nicolae_concentric_dashed_squares_wild, minmay_holes, elyvilon_altar_4

Skill      XL: |  1  2  3  4  5  6  7  8  9 10 11 12 13 14 15 16 17 18 19 20 21 22 |
---------------+-------------------------------------------------------------------+-----
Long Blades    | 1 2 |  2.3
Unarmed Combat | 3 |  3.0
Maces & Flails | 2 |  2.0
Axes           | 2 4 6 8 9 13 15 17 | 17.9
Fighting       | 4 5 6 7 8 10 14 15 18 | 18.0
Dodging        | 2 3 5 6 8 10 11 12 15 16 18 | 18.0
Shields        | 1 3 5 10 13 15 16 | 16.0
Evocations     | 2 4 7 |  7.1
Shapeshifting  | 4 7 9 11 12 14 15 | 15.0
Invocations    | 3 7 10 13 | 13.0
Stealth        | 4 |  4.0
Throwing       | 1 3 8 |  8.6
Translocations | 6 |  6.2
Spellcasting   | 6 |  6.0
Air Magic      | 1 |  1.4

Action                     |  1- 3 |  4- 6 |  7- 9 | 10-12 | 13-15 | 16-18 | 19-21 | 22-24 || total
---------------------------+-------+-------+-------+-------+-------+-------+-------+-------++-------
  Melee: Unarmed           |    45 |       |       |       |       |       |       |       ||    45
         Tailslap          |     9 |    14 |    34 |   102 |   173 |   356 |   309 |    44 ||  1041
         Whip              |    40 |    68 |    19 |       |       |       |       |       ||   127
         War axe           |       |    62 |   214 |   546 |   905 |   279 |       |       ||  2006
         Kick              |       |     6 |    62 |   205 |    43 |       |       |       ||   316
         Maw               |       |       |       |   186 |   368 |   656 |   678 |    90 ||  1978
         Broad axe         |       |       |       |     8 |    12 |  1208 |  1444 |   241 ||  2913
         Hand axe          |       |       |       |     6 |       |       |       |       ||     6
  Throw: Stone             |       |     6 |     8 |       |       |       |       |       ||    14
         Boomerang         |       |       |     3 |    24 |    48 |    64 |    30 |     4 ||   173
         Dart              |       |       |       |     7 |     7 |     1 |       |       ||    15
   Cast: Lesser Beckoning  |       |       |       |       |       |       |     1 |       ||     1
 Invoke: Heroism           |       |       |     1 |     5 |    10 |     5 |     1 |     2 ||    24
         Finesse           |       |       |       |     1 |       |     4 |       |       ||     5
         Duel              |       |       |       |       |       |       |       |     1 ||     1
Ability: Breathe Lightning |       |       |     1 |     1 |     3 |       |       |       ||     5
  Evoke: Wand              |       |       |     5 |     3 |     1 |       |       |       ||     9
         Phial of floods   |       |       |       |       |       |     2 |       |       ||     2
         Condenser vane    |       |       |       |       |       |       |       |     1 ||     1
    Use: Scroll            |     5 |     4 |     7 |     5 |    15 |     7 |     9 |     1 ||    53
         Potion            |       |     2 |       |     1 |     2 |     2 |       |     3 ||    10
   Stab: Sleeping          |     2 |     1 |     3 |    12 |    11 |    14 |    28 |     3 ||    74
         Paralysed         |       |       |    10 |     4 |       |       |     1 |       ||    15
         Distracted        |       |       |       |     2 |     1 |     1 |     5 |     2 ||    11
         Invisible         |       |       |       |       |       |     2 |       |       ||     2
         Confused          |       |       |       |       |       |     1 |       |       ||     1
         Petrified         |       |       |       |       |       |       |     1 |       ||     1
 Armour: Skin              |    22 |    35 |    50 |    78 |   189 |   345 |   305 |    62 ||  1086
  Dodge: Dodged            |    46 |    48 |   177 |   455 |   798 |  1154 |  1129 |   140 ||  3947
  Block: Buckler           |     3 |    15 |    44 |   145 |   242 |   446 |       |       ||   895
         Kite shield       |       |       |       |       |       |   161 |   968 |   145 ||  1274
         Reflection        |       |       |       |       |       |       |       |     7 ||     7
   Form: Maw               |       |       |       |     1 |       |       |       |       ||     1

Table legend: (Time is in decaauts)
 A = Elapsed time spent in this place.
 B = Non-inter-level travel time spent in this place.
 C = Inter-level travel time spent in this place.
 D = Time resting spent in this place.
 E = Time spent auto-exploring this place.
 F = Levels seen in this place.
 G = Mean time per level.
                   A        B        C        D        E       F      G
               +--------+--------+--------+--------+--------+-----+--------+
         Total |  36936 |  32967 |   3969 |   2112 |  18742 |  50 |  738.7 |
       Dungeon |  13005 |  11382 |   1623 |    699 |   7477 |  15 |  867.0 |
        Temple |     36 |     19 |     17 |      0 |      0 |   1 |   36.0 |
          Lair |   5167 |   4577 |    590 |    473 |   2443 |   5 | 1033.4 |
         Swamp |   2123 |   2004 |    119 |     89 |   1055 |   4 |  530.8 |
     Snake Pit |   3892 |   3488 |    404 |    257 |   1717 |   4 |  973.0 |
  Orcish Mines |   1237 |    985 |    252 |    153 |    408 |   2 |  618.5 |
   Elven Halls |   3646 |   3012 |    634 |      0 |   2089 |   3 | 1215.3 |
        Vaults |   4906 |   4579 |    327 |    176 |   2879 |   4 | 1226.5 |
        Depths |     15 |     15 |      0 |      0 |      0 |   1 |   15.0 |
         Abyss |    736 |    736 |      0 |    118 |     26 |   5 |  147.2 |
        Bazaar |    133 |    133 |      0 |      0 |     74 |   1 |  133.0 |
         Sewer |    118 |    118 |      0 |      0 |     76 |   1 |  118.0 |
        Bailey |    380 |    380 |      0 |     81 |     45 |   1 |  380.0 |
        Wizlab |    548 |    548 |      0 |     61 |     93 |   1 |  548.0 |
    Desolation |    967 |    967 |      0 |      3 |    359 |   1 |  967.0 |
         Arena |     19 |     19 |      0 |      0 |      0 |   1 |   19.0 |
               +--------+--------+--------+--------+--------+-----+--------+

Top non-repeatable levels by time:
    D:10: 1459 daAuts
Vaults:3: 1370 daAuts
   Elf:1: 1316 daAuts
   Elf:3: 1283 daAuts
Vaults:2: 1280 daAuts
  Lair:3: 1278 daAuts
  Lair:2: 1270 daAuts
 Snake:4: 1252 daAuts
Vaults:1: 1173 daAuts
     D:3: 1111 daAuts
     D:4: 1108 daAuts
Vaults:4: 1081 daAuts
    D:15: 1050 daAuts
   Elf:2: 1046 daAuts
 Snake:3: 1026 daAuts
